Cape Breton Oilers vs Tappara Tampere
Created - Sunday, March 16, 2025 at 10:34
Goals
|
| Cape Breton Oilers |
1 |
2 |
0 |
0 |
0 |
3 |
| Tappara Tampere |
1 |
2 |
0 |
0 |
1 |
4 |
|
Shots
|
| Cape Breton Oilers |
13 |
10 |
2 |
0 |
3 |
25 |
| Tappara Tampere |
12 |
18 |
5 |
0 |
2 |
35 |
|
1st period
1. Tappara Tampere , William Eklund 19 (Jan Rutta 22, Logan Stankoven 23) at 0:08
2. Cape Breton Oilers , Max Jones 18 (Parker Kelly 39) at 5:26
Penalties :
Kevin Bahl (CBO) for Unsportsmanlike conduct (Minor) at 6:13, Vladislav Kolyachonok (CBO) for Hooking (Minor) at 17:54
2nd period
3. Cape Breton Oilers , Will Cuylle 16 (Vladislav Kolyachonok 15, Alex Belzile 15) at 0:30
4. Tappara Tampere , Klim Kostin 11 (Andrew Cogliano 15, Kent Johnson 15) at 13:40
5. Tappara Tampere , Jakob Silfverberg 14 (William Eklund 22, Logan Stankoven 24) at 17:56
6. Cape Breton Oilers , Carl Grundstrom 19 (Jonny Brodzinski 24, Kevin Bahl 12) at 18:37
Penalties :
Zach Parise (TAP) for Hooking (Minor) at 14:31
3rd period
No Goal
Penalties :
Brett Seney (CBO) for Hooking (Minor) at 0:14, Leon Gawanke (CBO) for Roughing (Double Minor) at 10:37
Overtime #1
No Goal
Penalties :
No Penalty
Shootout
Cape Breton Oilers, Parker Kelly - Stopped by Joel Hofer
Tappara Tampere, William Eklund - Goal!
Cape Breton Oilers, Jonny Brodzinski - Stopped by Joel Hofer
Tappara Tampere, Zach Parise - Shot Misses the Net
Cape Breton Oilers, Max Jones - Shot Misses the Net
Penalties :
No Penalty
Goalie Stats
Hunter Jones (CBO), 32 saves from 35 shots - (0.914), OTL, 14-10-1, 65:00 minutes
Joel Hofer (TAP), 22 saves from 25 shots - (0.880), W, 15-2-0, 65:00 minutes
Players Stats for Cape Breton Oilers
Player Name G A P +/- PIM S H SB GA TA FO MP PP MP PK MP
------------------------------------------------------------------------------------
0 0 0 0 0 0 0 0 0 0 0/0 0:00 0:00 0:00
Alex Belzile 0 1 1 1 0 1 2 0 0 1 5/10 14:45 0:00 0:32
Brennan Othmann 0 0 0 0 0 1 0 1 1 0 0/0 7:52 0:00 0:00
Brett Seney 0 0 0 -2 2 1 1 0 0 3 1/1 20:36 0:57 3:38
Carl Grundstrom 1 0 1 1 0 3 1 1 0 0 0/2 15:08 1:02 0:00
Dominic Toninato 0 0 0 1 0 2 2 0 0 1 0/1 15:45 1:02 0:00
Jonny Brodzinski 0 1 1 1 0 1 1 0 0 1 3/5 21:53 1:02 4:00
Kevin Bahl 0 1 1 0 2 1 2 4 0 1 0/0 25:46 1:21 3:33
Leon Gawanke 0 0 0 -1 4 0 0 2 0 0 0/0 15:47 0:00 0:09
Matt Luff 0 0 0 1 0 2 2 0 0 0 0/1 16:02 0:00 1:43
Max Jones 1 0 1 -2 0 3 2 0 0 0 0/4 20:48 0:57 4:45
Maxim Groshev 0 0 0 0 0 2 0 0 0 0 0/0 7:38 0:00 0:00
Nolan Allan 0 0 0 0 0 0 1 1 0 0 0/0 9:00 0:00 0:47
Parker Kelly 0 1 1 -2 0 0 5 1 0 0 9/22 22:50 0:57 4:10
Philip Broberg 0 0 0 1 0 0 0 2 0 2 0/0 21:11 0:38 4:32
Vladislav Kolyachonok 0 1 1 1 2 1 2 2 0 1 0/0 20:14 0:38 3:31
Will Cuylle 1 0 1 1 0 4 4 0 0 0 0/0 15:37 0:00 1:04
William Trudeau 0 0 0 -1 0 2 2 2 0 0 0/0 18:16 0:00 2:43
Wyatt Kaiser 0 0 0 0 0 1 0 0 0 0 0/0 20:52 1:21 4:37
Players Stats for Tappara Tampere
Player Name G A P +/- PIM S H SB GA TA FO MP PP MP PK MP
------------------------------------------------------------------------------------
0 0 0 0 0 0 0 0 0 0 0/0 0:00 0:00 0:00
Andreas Englund 0 0 0 0 0 0 0 0 0 0 0/0 17:16 0:31 1:24
Andrew Cogliano 0 1 1 1 0 3 1 0 1 0 1/1 12:11 0:10 0:00
Ben Hutton 0 0 0 -2 0 1 2 1 2 1 0/0 23:35 5:09 0:00
Calvin De Haan 0 0 0 2 0 2 4 2 0 0 0/0 23:07 4:16 0:35
Dominik Kubalik 0 0 0 0 0 1 0 0 1 0 0/0 11:41 4:46 0:00
Jakob Silfverberg 1 0 1 -1 0 6 1 0 1 0 1/1 21:45 4:47 1:08
Jan Rutta 0 1 1 2 0 3 2 1 0 0 0/0 23:39 4:16 1:24
Jayson Megna 0 0 0 0 0 1 0 0 0 0 9/14 18:38 4:50 0:00
John Klingberg 0 0 0 -2 0 3 3 3 0 0 0/0 23:41 5:09 0:00
Kent Johnson 0 1 1 1 0 1 3 0 1 0 5/8 15:37 1:21 0:00
Klim Kostin 1 0 1 1 0 3 0 0 0 0 0/0 15:43 1:19 0:00
Logan Stankoven 0 2 2 -1 0 3 1 0 1 0 9/17 19:20 3:51 0:00
Mattias Janmark 0 0 0 0 0 3 1 1 1 0 0/0 14:18 0:00 0:51
Sam Carrick 0 0 0 0 0 1 0 0 0 0 1/1 11:01 0:58 0:51
Sebastian J Aho 0 0 0 0 0 1 2 0 0 0 0/0 17:23 0:31 0:35
Tomas Nosek 0 0 0 0 0 0 0 0 0 0 1/2 8:08 0:00 1:08
William Eklund 1 1 2 -1 0 2 1 1 2 0 1/2 19:56 3:57 0:00
Zach Parise 0 0 0 0 2 1 0 0 0 0 0/0 19:12 3:49 0:00
3 Stars
1 - Will Cuylle (CBO)
2 - William Eklund (TAP)
3 - Jan Rutta (TAP)
Power Play
Cape Breton Oilers - 0 on 1 Attempt(s) - 0.00%
Tappara Tampere - 0 on 5 Attempt(s) - 0.00%
Penalty Kill
Cape Breton Oilers - 5 on 5 Attempt(s) - 100.00%
- Score 0 goal in Penalty Kill
Tappara Tampere - 1 on 1 Attempt(s) - 100.00%
- Score 0 goal in Penalty Kill
Team Stat
Cape Breton Oilers - Hits : 27 - Faceoff Wins : 18 - Blocked Shots : 16 - Penalty Minutes : 10
Tappara Tampere - Hits : 21 - Faceoff Wins : 28 - Blocked Shots : 9 - Penalty Minutes : 2
Official
Referees : Gord Dwyer and Furman South
Linesman : Kiel Murchison and Michel Cormier
Game Notes
17:56 of 2nd period - Tappara Tampere goal is going for a video replay. After video review, Goal.
Cape Breton Oilers
5 vs 5 Forward
Center Left Wing Right Wing Time % Phy DF OF
1 Parker Kelly Brett Seney Max Jones 30 1 2 2
2 Jonny Brodzinski Dominic Toninato Carl Grundstrom 30 1 2 2
3 Alex Belzile Will Cuylle Matt Luff 25 1 2 2
4 Parker Kelly Brennan Othmann Maxim Groshev 15 1 2 2
5 vs 5 Defense
Defense Defense Time % Phy DF OF
1 Kevin Bahl Wyatt Kaiser 30 1 2 2
2 Philip Broberg Vladislav Kolyachonok 30 1 2 2
3 Leon Gawanke William Trudeau 25 1 2 2
4 Nolan Allan Kevin Bahl 15 1 2 2
PowerPlay Forward
Center Left Wing Right Wing Time % Phy DF OF
1 Parker Kelly Brett Seney Max Jones 50 1 2 2
2 Jonny Brodzinski Dominic Toninato Carl Grundstrom 50 1 2 2
PowerPlay Defense
Defense Defense Time % Phy DF OF
1 Kevin Bahl Wyatt Kaiser 50 1 2 2
2 Philip Broberg Vladislav Kolyachonok 50 1 2 2
Penalty Kill 4 Players Forward
Center Wing Time % Phy DF OF
1 Parker Kelly Jonny Brodzinski 50 1 2 2
2 Max Jones Brett Seney 50 1 2 2
Penalty Kill 4 Players Defense
Defense Defense Time % Phy DF OF
1 Kevin Bahl Wyatt Kaiser 50 1 2 2
2 Philip Broberg Vladislav Kolyachonok 50 1 2 2
Penalty Kill - 3 Players Forward
Forward Time % Phy DF OF
1 Parker Kelly 50 1 2 2
2 Jonny Brodzinski 50 1 2 2
Penalty Kill - 3 Players Defense
Defense Defense Time % Phy DF OF
1 Kevin Bahl Wyatt Kaiser 50 1 2 2
2 Philip Broberg Vladislav Kolyachonok 50 1 2 2
4 vs 4 Forward
Center Wing Time % Phy DF OF
1 Parker Kelly Jonny Brodzinski 50 1 2 2
2 Max Jones Brett Seney 50 1 2 2
4 vs 4 Defense
Defense Defense Time % Phy DF OF
1 Kevin Bahl Wyatt Kaiser 50 1 2 2
2 Philip Broberg Vladislav Kolyachonok 50 1 2 2
Last Minutes Offensive
Center Left Wing Right Wing Defense Defense
Parker Kelly Brett Seney Max Jones Kevin Bahl Wyatt Kaiser
Last Minutes Defensive
Center Left Wing Right Wing Defense Defense
Parker Kelly Brett Seney Max Jones Kevin Bahl Wyatt Kaiser
Goaltenders
Starting : Hunter Jones
Backup : Unknown Goalie
Extra Forwards
Normal : Will Cuylle, Alex Belzile, Matt Luff - PP : Will Cuylle, Alex Belzile - PK : Matt Luff
Extra Defensemen
Normal : Leon Gawanke, William Trudeau, Nolan Allan - PP : Leon Gawanke - PK : William Trudeau, Nolan Allan
Penalty Shots
Parker Kelly, Jonny Brodzinski, Max Jones, Brett Seney, Dominic Toninato
Scratches
Chase Stillman (Healthy), Josh Bloom (Healthy), Mike Benning (Healthy), Jonah Gadjovich (Healthy), Jacob Ingham (Healthy)
Joel Blomqvist (Healthy), Matt Villalta (Healthy)
Tappara Tampere
5 vs 5 Forward
Center Left Wing Right Wing Time % Phy DF OF
1 Logan Stankoven William Eklund Jakob Silfverberg 30 0 0 5
2 Jayson Megna Zach Parise Mattias Janmark 30 0 1 4
3 Kent Johnson Andrew Cogliano Klim Kostin 28 0 1 4
4 Sam Carrick Tomas Nosek Dominik Kubalik 12 1 2 2
5 vs 5 Defense
Defense Defense Time % Phy DF OF
1 Jan Rutta Calvin De Haan 35 1 2 2
2 John Klingberg Ben Hutton 35 1 2 2
3 Sebastian J Aho Andreas Englund 30 1 2 2
4 Jan Rutta Calvin De Haan 0 1 2 2
PowerPlay Forward
Center Left Wing Right Wing Time % Phy DF OF
1 Logan Stankoven William Eklund Zach Parise 50 0 0 5
2 Jayson Megna Jakob Silfverberg Dominik Kubalik 50 0 0 5
PowerPlay Defense
Defense Defense Time % Phy DF OF
1 Jan Rutta Calvin De Haan 50 0 0 5
2 John Klingberg Ben Hutton 50 0 0 5
Penalty Kill 4 Players Forward
Center Wing Time % Phy DF OF
1 Tomas Nosek Jakob Silfverberg 50 1 2 2
2 Sam Carrick Mattias Janmark 50 1 2 2
Penalty Kill 4 Players Defense
Defense Defense Time % Phy DF OF
1 Jan Rutta Andreas Englund 50 0 0 5
2 Calvin De Haan Sebastian J Aho 50 0 5 0
Penalty Kill - 3 Players Forward
Forward Time % Phy DF OF
1 Sam Carrick 50 0 5 0
2 Tomas Nosek 50 0 5 0
Penalty Kill - 3 Players Defense
Defense Defense Time % Phy DF OF
1 Jan Rutta Andreas Englund 50 0 5 0
2 Sebastian J Aho Calvin De Haan 50 0 5 0
4 vs 4 Forward
Center Wing Time % Phy DF OF
1 William Eklund Zach Parise 50 0 1 4
2 Jakob Silfverberg Logan Stankoven 50 0 1 4
4 vs 4 Defense
Defense Defense Time % Phy DF OF
1 Jan Rutta Calvin De Haan 50 1 4 0
2 John Klingberg Ben Hutton 50 1 4 0
Last Minutes Offensive
Center Left Wing Right Wing Defense Defense
Logan Stankoven William Eklund Zach Parise Jan Rutta Calvin De Haan
Last Minutes Defensive
Center Left Wing Right Wing Defense Defense
Logan Stankoven William Eklund Zach Parise Jan Rutta Calvin De Haan
Goaltenders
Starting : Joel Hofer
Backup : Chris Driedger
Extra Forwards
Normal : Klim Kostin, Kent Johnson, Sam Carrick - PP : Klim Kostin, Kent Johnson - PK : Sam Carrick
Extra Defensemen
Normal : Sebastian J Aho, Andreas Englund, John Klingberg - PP : Sebastian J Aho - PK : Andreas Englund, John Klingberg
Penalty Shots
William Eklund, Zach Parise, Jakob Silfverberg, Andrew Cogliano, Logan Stankoven
Scratches
Niko Mikkola (Healthy), Roni Hirvonen (Healthy), Ville Ottavainen (Healthy), Max Sasson (Healthy), Jesper Vikman (Healthy)
Nikita Tolopilo (Healthy), Brandon Bussi (Healthy)
% Time on Ice - Cape Breton Oilers
Lines # - Real PCT - Wanted PCT - Time Play
Normal Forward
1 - 31% - 30% - 14:51
2 - 31% - 30% - 15:02
3 - 23% - 25% - 11:03
4 - 15% - 15% - 7:09
Normal Defense
1 - 26% - 30% - 12:29
2 - 30% - 30% - 14:21
3 - 30% - 25% - 14:27
4 - 14% - 15% - 6:48
PP Forward
1 - 48% - 50% - 0:57
2 - 52% - 50% - 1:02
PP Defense
1 - 68% - 50% - 1:21
2 - 32% - 50% - 0:38
PK Forward
1 - 47% - 50% - 4:42
2 - 53% - 50% - 5:14
PK Defense
1 - 52% - 50% - 5:08
2 - 48% - 50% - 4:48
PK3 Forward
1 - 0% - 50%
2 - 0% - 50%
PK3 Defense
1 - 0% - 50%
2 - 0% - 50%
44 Forward
1 - 47% - 50% - 2:22
2 - 53% - 50% - 2:38
44 Defense
1 - 46% - 50% - 2:17
2 - 54% - 50% - 2:43
Last Minute Offensive - 0:00
Last Minute Defensive - 0:00
Total
Forward - 65:00
Defense - 65:00
|
% Time on Ice - Tappara Tampere
Lines # - Real PCT - Wanted PCT - Time Play
Normal Forward
1 - 25% - 30% - 12:15
2 - 33% - 30% - 15:48
3 - 31% - 28% - 14:57
4 - 11% - 12% - 5:05
Normal Defense
1 - 34% - 35% - 16:30
2 - 35% - 35% - 16:36
3 - 31% - 30% - 14:59
4 - 0% - 0% - 0:00
PP Forward
1 - 49% - 50% - 4:51
2 - 51% - 50% - 5:05
PP Defense
1 - 48% - 50% - 4:47
2 - 52% - 50% - 5:09
PK Forward
1 - 57% - 50% - 1:08
2 - 43% - 50% - 0:51
PK Defense
1 - 71% - 50% - 1:24
2 - 29% - 50% - 0:35
PK3 Forward
1 - 0% - 50%
2 - 0% - 50%
PK3 Defense
1 - 0% - 50%
2 - 0% - 50%
44 Forward
1 - 51% - 50% - 2:32
2 - 49% - 50% - 2:28
44 Defense
1 - 51% - 50% - 2:33
2 - 49% - 50% - 2:27
Last Minute Offensive - 0:00
Last Minute Defensive - 0:00
Total
Forward - 65:00
Defense - 65:00
|
Play-by-Play
1st period
0:01 of 1st period - Logan Stankoven wins face-off versus Parker Kelly in neutral zone.
0:04 of 1st period - Slapshot by William Eklund.
0:04 of 1st period - Stopped by Hunter Jones with a rebound.
0:06 of 1st period - Slapshot by Jan Rutta.
0:06 of 1st period - Shot Misses the Net.
0:08 of 1st period - Snap shot by William Eklund.
0:08 of 1st period - Goal by William Eklund - Cape Breton Oilers : 0 - Tappara Tampere : 1.
0:09 of 1st period - Jonny Brodzinski wins face-off versus Jayson Megna in neutral zone.
0:18 of 1st period - Slapshot by Jonny Brodzinski.
0:18 of 1st period - Shot Misses the Net.
0:34 of 1st period - Andrew Cogliano is hit by Matt Luff and loses puck.
1:03 of 1st period - Snap shot by Logan Stankoven.
1:03 of 1st period - Stopped by Hunter Jones with a rebound.
1:05 of 1st period - Slapshot by William Eklund.
1:05 of 1st period - Shot Blocked by Parker Kelly.
1:37 of 1st period - Jayson Megna is hit by Parker Kelly and loses puck.
1:54 of 1st period - Wrist shot by Alex Belzile.
1:54 of 1st period - Deflect By Will Cuylle.
1:54 of 1st period - Stopped by Joel Hofer with a rebound.
2:50 of 1st period - Sam Carrick is hit by Alex Belzile.
3:00 of 1st period - Backhand shot by Sam Carrick.
3:00 of 1st period - Stopped by Hunter Jones with a rebound.
3:20 of 1st period - Slapshot by Alex Belzile.
3:20 of 1st period - Stopped by Joel Hofer without a rebound.
3:21 of 1st period - Jakob Silfverberg wins face-off versus Parker Kelly in Tappara Tampere zone.
3:36 of 1st period - Wrist shot by William Eklund.
3:36 of 1st period - Shot Blocked by Kevin Bahl.
3:48 of 1st period - Snap shot by Zach Parise.
3:48 of 1st period - Shot Blocked by Nolan Allan.
3:50 of 1st period - Slapshot by Jan Rutta.
3:50 of 1st period - Stopped by Hunter Jones with a rebound.
3:52 of 1st period - Slapshot by Calvin De Haan.
3:52 of 1st period - Stopped by Hunter Jones without a rebound.
3:53 of 1st period - Andrew Cogliano wins face-off versus Jonny Brodzinski in Cape Breton Oilers zone.
3:58 of 1st period - Wrist shot by Klim Kostin.
3:58 of 1st period - Shot Misses the Net.
4:00 of 1st period - Snap shot by Andrew Cogliano.
4:00 of 1st period - Shot Misses the Net.
4:02 of 1st period - Slapshot by Jan Rutta.
4:02 of 1st period - Deflect By Klim Kostin.
4:02 of 1st period - Shot Blocked by Leon Gawanke.
4:02 of 1st period - Puck is out of play.
4:03 of 1st period - Kent Johnson wins face-off versus Jonny Brodzinski in Cape Breton Oilers zone.
4:18 of 1st period - Slapshot by Andrew Cogliano.
4:18 of 1st period - Stopped by Hunter Jones with a rebound.
4:54 of 1st period - Snap shot by Carl Grundstrom.
4:54 of 1st period - Shot Misses the Net.
4:56 of 1st period - Snap shot by Carl Grundstrom.
4:56 of 1st period - Stopped by Joel Hofer with a rebound.
5:14 of 1st period - Wrist shot by Carl Grundstrom.
5:14 of 1st period - Shot Hit the Post.
5:16 of 1st period - Snap shot by Carl Grundstrom.
5:16 of 1st period - Stopped by Joel Hofer with a rebound.
5:18 of 1st period - Slapshot by Dominic Toninato.
5:18 of 1st period - Stopped by Joel Hofer with a rebound.
5:20 of 1st period - Slapshot by William Trudeau.
5:20 of 1st period - Stopped by Joel Hofer with a rebound.
5:22 of 1st period - Snap shot by Carl Grundstrom.
5:22 of 1st period - Deflect By Jonny Brodzinski.
5:22 of 1st period - Shot Misses the Net.
5:22 of 1st period - Puck is out of play.
5:23 of 1st period - Parker Kelly wins face-off versus Logan Stankoven in Tappara Tampere zone.
5:26 of 1st period - Wrist shot by Max Jones.
5:26 of 1st period - Goal by Max Jones - Cape Breton Oilers : 1 - Tappara Tampere : 1.
5:27 of 1st period - Parker Kelly wins face-off versus Logan Stankoven in neutral zone.
5:30 of 1st period - Snap shot by Parker Kelly.
5:30 of 1st period - Shot Misses the Net.
5:35 of 1st period - William Eklund is hit by Max Jones and loses puck.
5:51 of 1st period - Icing by Will Cuylle.
5:52 of 1st period - Jayson Megna wins face-off versus Alex Belzile in Cape Breton Oilers zone.
6:13 of 1st period - Minor Penalty to Kevin Bahl for Unsportsmanlike conduct.
6:14 of 1st period - Logan Stankoven wins face-off versus Parker Kelly in Cape Breton Oilers zone.
6:17 of 1st period - Snap shot by William Eklund.
6:17 of 1st period - Shot Misses the Net.
6:49 of 1st period - Wrist shot by Dominik Kubalik.
6:49 of 1st period - Stopped by Hunter Jones without a rebound.
6:50 of 1st period - Jayson Megna wins face-off versus Max Jones in Cape Breton Oilers zone.
6:53 of 1st period - Snap shot by Jakob Silfverberg.
6:53 of 1st period - Shot Blocked by Vladislav Kolyachonok.
6:55 of 1st period - Wrist shot by Jakob Silfverberg.
6:55 of 1st period - Shot Misses the Net.
6:57 of 1st period - Slapshot by John Klingberg.
6:57 of 1st period - Deflect By Jayson Megna.
6:57 of 1st period - Shot Misses the Net.
6:57 of 1st period - Puck is out of play.
6:58 of 1st period - Jayson Megna wins face-off versus Parker Kelly in Cape Breton Oilers zone.
7:19 of 1st period - Snap shot by Brett Seney.
7:19 of 1st period - Shot Misses the Net.
7:25 of 1st period - Wrist shot by Max Jones.
7:25 of 1st period - Shot Blocked by John Klingberg.
8:13 of 1st period - Penalty to Kevin Bahl is over, Kevin Bahl is back on ice.
8:35 of 1st period - Matt Luff is hit by Kent Johnson and loses puck.
8:40 of 1st period - Wrist shot by Andrew Cogliano.
8:40 of 1st period - Shot Misses the Net.
8:50 of 1st period - Dominik Kubalik is hit by Parker Kelly and loses puck.
9:18 of 1st period - Will Cuylle is hit by Mattias Janmark and loses puck.
9:35 of 1st period - Jakob Silfverberg is hit by Parker Kelly and loses puck.
10:45 of 1st period - Andrew Cogliano is hit by Dominic Toninato and loses puck.
12:46 of 1st period - Brennan Othmann is hit by William Eklund and loses puck.
12:59 of 1st period - Calvin De Haan is hit by Will Cuylle and loses puck.
13:20 of 1st period - Calvin De Haan is hit by Will Cuylle and loses puck.
13:25 of 1st period - Snap shot by Brett Seney.
13:25 of 1st period - Shot Misses the Net.
14:08 of 1st period - Zach Parise is hit by Matt Luff and loses puck.
14:18 of 1st period - Icing by Brennan Othmann.
14:19 of 1st period - Logan Stankoven wins face-off versus Matt Luff in Cape Breton Oilers zone.
14:24 of 1st period - Snap shot by Jakob Silfverberg.
14:24 of 1st period - Stopped by Hunter Jones with a rebound.
14:53 of 1st period - Wrist shot by Brennan Othmann.
14:53 of 1st period - Shot Blocked by John Klingberg.
14:55 of 1st period - Wrist shot by Maxim Groshev.
14:55 of 1st period - Stopped by Joel Hofer with a rebound.
14:57 of 1st period - Slapshot by Wyatt Kaiser.
14:57 of 1st period - Shot Misses the Net.
14:59 of 1st period - Backhand shot by Kevin Bahl.
14:59 of 1st period - Shot Misses the Net.
15:01 of 1st period - Slapshot by Kevin Bahl.
15:01 of 1st period - Stopped by Joel Hofer with a rebound.
15:21 of 1st period - Slapshot by Brennan Othmann.
15:21 of 1st period - Stopped by Joel Hofer with a rebound.
15:23 of 1st period - Slapshot by Wyatt Kaiser.
15:23 of 1st period - Stopped by Joel Hofer without a rebound.
15:24 of 1st period - Jayson Megna wins face-off versus Parker Kelly in Tappara Tampere zone.
15:29 of 1st period - Wrist shot by Jayson Megna.
15:29 of 1st period - Stopped by Hunter Jones with a rebound.
15:51 of 1st period - Jonny Brodzinski is hit by Calvin De Haan and loses puck.
16:33 of 1st period - Snap shot by Zach Parise.
16:33 of 1st period - Shot Misses the Net.
16:35 of 1st period - Slapshot by Zach Parise.
16:35 of 1st period - Shot Misses the Net.
16:37 of 1st period - Backhand shot by Sebastian J Aho.
16:37 of 1st period - Stopped by Hunter Jones without a rebound.
16:38 of 1st period - Kent Johnson wins face-off versus Max Jones in Cape Breton Oilers zone.
17:02 of 1st period - Snap shot by Mattias Janmark.
17:02 of 1st period - Stopped by Hunter Jones with a rebound.
17:26 of 1st period - Snap shot by Matt Luff.
17:26 of 1st period - Stopped by Joel Hofer without a rebound.
17:27 of 1st period - Alex Belzile wins face-off versus Logan Stankoven in Tappara Tampere zone.
17:32 of 1st period - Snap shot by Alex Belzile.
17:32 of 1st period - Deflect By Will Cuylle.
17:32 of 1st period - Stopped by Joel Hofer without a rebound.
17:33 of 1st period - Logan Stankoven wins face-off versus Parker Kelly in Tappara Tampere zone.
17:54 of 1st period - Minor Penalty to Vladislav Kolyachonok for Hooking.
17:55 of 1st period - Logan Stankoven wins face-off versus Parker Kelly in Cape Breton Oilers zone.
18:05 of 1st period - Icing by Logan Stankoven.
18:06 of 1st period - Logan Stankoven wins face-off versus Max Jones in Tappara Tampere zone.
18:13 of 1st period - Max Jones is hit by Ben Hutton and loses puck.
19:54 of 1st period - Penalty to Vladislav Kolyachonok is over, Vladislav Kolyachonok is back on ice.
Goals for this period are 1 for Cape Breton Oilers vs 1 for Tappara Tampere.
Shots for this period are 13 for Cape Breton Oilers vs 12 for Tappara Tampere.
2nd period
0:01 of 2nd period - Parker Kelly wins face-off versus Jayson Megna in neutral zone.
0:16 of 2nd period - Wrist shot by Brett Seney.
0:16 of 2nd period - Shot Blocked by John Klingberg.
0:26 of 2nd period - Wrist shot by Alex Belzile.
0:26 of 2nd period - Shot Misses the Net.
0:28 of 2nd period - Wrist shot by Vladislav Kolyachonok.
0:28 of 2nd period - Deflect By Jakob Silfverberg.
0:28 of 2nd period - Stopped by Joel Hofer with a rebound.
0:30 of 2nd period - Snap shot by Will Cuylle.
0:30 of 2nd period - Goal by Will Cuylle - Cape Breton Oilers : 2 - Tappara Tampere : 1.
0:31 of 2nd period - Parker Kelly wins face-off versus Logan Stankoven in neutral zone.
0:58 of 2nd period - Mattias Janmark is hit by Will Cuylle and loses puck.
1:41 of 2nd period - Wrist shot by Tomas Nosek.
1:41 of 2nd period - Shot Misses the Net.
2:05 of 2nd period - William Eklund is hit by Alex Belzile and loses puck.
2:39 of 2nd period - Wrist shot by Will Cuylle.
2:39 of 2nd period - Deflect By Alex Belzile.
2:39 of 2nd period - Shot Misses the Net.
2:39 of 2nd period - Puck is out of play.
2:40 of 2nd period - Alex Belzile wins face-off versus Kent Johnson in Tappara Tampere zone.
3:26 of 2nd period - Slapshot by Zach Parise.
3:26 of 2nd period - Shot Blocked by Carl Grundstrom.
3:28 of 2nd period - Backhand shot by Jayson Megna.
3:28 of 2nd period - Shot Misses the Net.
3:30 of 2nd period - Slapshot by John Klingberg.
3:30 of 2nd period - Stopped by Hunter Jones without a rebound.
3:31 of 2nd period - Alex Belzile wins face-off versus Jayson Megna in Cape Breton Oilers zone.
3:40 of 2nd period - Vladislav Kolyachonok is hit by Sebastian J Aho and loses puck.
3:47 of 2nd period - Wrist shot by Will Cuylle.
3:47 of 2nd period - Deflect By Matt Luff.
3:47 of 2nd period - Stopped by Joel Hofer with a rebound.
3:59 of 2nd period - Max Jones is hit by Sebastian J Aho and loses puck.
4:04 of 2nd period - Snap shot by Logan Stankoven.
4:04 of 2nd period - Stopped by Hunter Jones without a rebound.
4:05 of 2nd period - Logan Stankoven wins face-off versus Carl Grundstrom in Cape Breton Oilers zone.
4:09 of 2nd period - Backhand shot by Logan Stankoven.
4:09 of 2nd period - Stopped by Hunter Jones without a rebound.
4:10 of 2nd period - Jonny Brodzinski wins face-off versus Logan Stankoven in Cape Breton Oilers zone.
4:10 of 2nd period - Jonny Brodzinski is hit by Ben Hutton.
4:16 of 2nd period - Snap shot by Jonny Brodzinski.
4:16 of 2nd period - Shot Misses the Net.
4:24 of 2nd period - Wrist shot by Jonny Brodzinski.
4:24 of 2nd period - Shot Misses the Net.
5:01 of 2nd period - Matt Luff is hit by Kent Johnson and loses puck.
5:54 of 2nd period - Snap shot by Mattias Janmark.
5:54 of 2nd period - Deflect By Zach Parise.
5:54 of 2nd period - Stopped by Hunter Jones with a rebound.
6:24 of 2nd period - Kent Johnson is hit by Will Cuylle and loses puck.
6:58 of 2nd period - Backhand shot by Dominik Kubalik.
6:58 of 2nd period - Shot Misses the Net.
7:20 of 2nd period - Snap shot by Jayson Megna.
7:20 of 2nd period - Shot Misses the Net.
7:22 of 2nd period - Snap shot by Zach Parise.
7:22 of 2nd period - Shot Misses the Net.
7:24 of 2nd period - Snap shot by Zach Parise.
7:24 of 2nd period - Shot Misses the Net.
7:26 of 2nd period - Wrist shot by Mattias Janmark.
7:26 of 2nd period - Stopped by Hunter Jones with a rebound.
7:28 of 2nd period - Wrist shot by Zach Parise.
7:28 of 2nd period - Shot Blocked by Brennan Othmann.
7:30 of 2nd period - Snap shot by Jayson Megna.
7:30 of 2nd period - Shot Misses the Net.
7:44 of 2nd period - Snap shot by Andrew Cogliano.
7:44 of 2nd period - Stopped by Hunter Jones with a rebound.
7:46 of 2nd period - Slapshot by John Klingberg.
7:46 of 2nd period - Deflect By Jonny Brodzinski.
7:46 of 2nd period - Stopped by Hunter Jones with a rebound.
7:48 of 2nd period - Slapshot by Klim Kostin.
7:48 of 2nd period - Stopped by Hunter Jones with a rebound.
7:50 of 2nd period - Slapshot by John Klingberg.
7:50 of 2nd period - Shot Misses the Net.
8:46 of 2nd period - Alex Belzile is hit by Calvin De Haan and loses puck.
9:18 of 2nd period - Sam Carrick is hit by Vladislav Kolyachonok and loses puck.
10:04 of 2nd period - Backhand shot by William Eklund.
10:04 of 2nd period - Deflect By Jakob Silfverberg.
10:04 of 2nd period - Stopped by Hunter Jones without a rebound.
10:05 of 2nd period - Kent Johnson wins face-off versus Alex Belzile in Cape Breton Oilers zone.
10:10 of 2nd period - Wrist shot by Klim Kostin.
10:10 of 2nd period - Shot Blocked by Leon Gawanke.
10:58 of 2nd period - Icing by Kevin Bahl.
10:59 of 2nd period - Parker Kelly wins face-off versus Jayson Megna in Cape Breton Oilers zone.
12:31 of 2nd period - Wrist shot by Brennan Othmann.
12:31 of 2nd period - Shot Blocked by Ben Hutton.
12:33 of 2nd period - Wrist shot by Maxim Groshev.
12:33 of 2nd period - Stopped by Joel Hofer with a rebound.
12:50 of 2nd period - Kevin Bahl is hit by John Klingberg and loses puck.
13:08 of 2nd period - Wrist shot by John Klingberg.
13:08 of 2nd period - Shot Blocked by William Trudeau.
13:20 of 2nd period - Snap shot by Dominik Kubalik.
13:20 of 2nd period - Shot Blocked by William Trudeau.
13:38 of 2nd period - Wrist shot by Andrew Cogliano.
13:38 of 2nd period - Shot Misses the Net.
13:40 of 2nd period - Slapshot by Klim Kostin.
13:40 of 2nd period - Goal by Klim Kostin - Cape Breton Oilers : 2 - Tappara Tampere : 2.
13:41 of 2nd period - Jayson Megna wins face-off versus Dominic Toninato in neutral zone.
13:48 of 2nd period - Wrist shot by Mattias Janmark.
13:48 of 2nd period - Stopped by Hunter Jones with a rebound.
13:50 of 2nd period - Snap shot by Mattias Janmark.
13:50 of 2nd period - Shot Misses the Net.
13:52 of 2nd period - Snap shot by Zach Parise.
13:52 of 2nd period - Shot Misses the Net.
13:56 of 2nd period - Wrist shot by Jayson Megna.
13:56 of 2nd period - Shot Blocked by Kevin Bahl.
14:06 of 2nd period - Andreas Englund is hit by Kevin Bahl and loses puck.
14:12 of 2nd period - Off-side.
14:13 of 2nd period - Parker Kelly wins face-off versus Logan Stankoven in neutral zone.
14:22 of 2nd period - Snap shot by Max Jones.
14:22 of 2nd period - Shot Misses the Net.
14:24 of 2nd period - Wrist shot by Parker Kelly.
14:24 of 2nd period - Shot Blocked by Jan Rutta.
14:26 of 2nd period - Snap shot by Max Jones.
14:26 of 2nd period - Stopped by Joel Hofer with a rebound.
14:28 of 2nd period - Snap shot by Parker Kelly.
14:28 of 2nd period - Deflect By Max Jones.
14:28 of 2nd period - Shot Blocked by Calvin De Haan.
14:28 of 2nd period - Puck is out of play.
14:29 of 2nd period - Jayson Megna wins face-off versus Alex Belzile in Tappara Tampere zone.
14:31 of 2nd period - Minor Penalty to Zach Parise for Hooking.
14:32 of 2nd period - Parker Kelly wins face-off versus Tomas Nosek in Tappara Tampere zone.
14:36 of 2nd period - Snap shot by Brett Seney.
14:36 of 2nd period - Stopped by Joel Hofer without a rebound.
14:37 of 2nd period - Tomas Nosek wins face-off versus Parker Kelly in Tappara Tampere zone.
15:54 of 2nd period - Jan Rutta is hit by Parker Kelly and loses puck.
16:31 of 2nd period - Penalty to Zach Parise is over, Zach Parise is back on ice.
16:39 of 2nd period - Snap shot by Andrew Cogliano.
16:39 of 2nd period - Stopped by Hunter Jones without a rebound.
16:40 of 2nd period - Alex Belzile wins face-off versus Kent Johnson in Cape Breton Oilers zone.
16:42 of 2nd period - Icing by Will Cuylle.
16:43 of 2nd period - Alex Belzile wins face-off versus Jayson Megna in Cape Breton Oilers zone.
17:06 of 2nd period - John Klingberg is hit by William Trudeau.
17:24 of 2nd period - Wrist shot by Will Cuylle.
17:24 of 2nd period - Stopped by Joel Hofer with a rebound.
17:26 of 2nd period - Slapshot by Leon Gawanke.
17:26 of 2nd period - Shot Blocked by Calvin De Haan.
17:30 of 2nd period - Snap shot by Will Cuylle.
17:30 of 2nd period - Shot Blocked by Mattias Janmark.
17:32 of 2nd period - Wrist shot by Will Cuylle.
17:32 of 2nd period - Deflect By Alex Belzile.
17:32 of 2nd period - Shot Hit the Post.
17:32 of 2nd period - Puck is out of play.
17:33 of 2nd period - Logan Stankoven wins face-off versus Parker Kelly in Tappara Tampere zone.
17:33 of 2nd period - Logan Stankoven is hit by Parker Kelly.
17:42 of 2nd period - Icing by Brett Seney.
17:43 of 2nd period - William Eklund wins face-off versus Parker Kelly in Cape Breton Oilers zone.
17:54 of 2nd period - Wrist shot by William Eklund.
17:54 of 2nd period - Shot Misses the Net.
17:56 of 2nd period - Slapshot by Jakob Silfverberg.
17:56 of 2nd period - Tappara Tampere goal is going for a video replay.
17:56 of 2nd period - The goal is good.
17:56 of 2nd period - Goal by Jakob Silfverberg - Cape Breton Oilers : 2 - Tappara Tampere : 3.
17:57 of 2nd period - Kent Johnson wins face-off versus Parker Kelly in neutral zone.
18:23 of 2nd period - Carl Grundstrom is hit by Jakob Silfverberg.
18:27 of 2nd period - Wrist shot by Dominic Toninato.
18:27 of 2nd period - Stopped by Joel Hofer with a rebound.
18:29 of 2nd period - Wrist shot by Jonny Brodzinski.
18:29 of 2nd period - Stopped by Joel Hofer without a rebound.
18:30 of 2nd period - Jonny Brodzinski wins face-off versus Logan Stankoven in Tappara Tampere zone.
18:31 of 2nd period - Slapshot by Dominic Toninato.
18:31 of 2nd period - Shot Blocked by William Eklund.
18:33 of 2nd period - Snap shot by Kevin Bahl.
18:33 of 2nd period - Shot Misses the Net.
18:35 of 2nd period - Snap shot by Jonny Brodzinski.
18:35 of 2nd period - Shot Misses the Net.
18:37 of 2nd period - Snap shot by Carl Grundstrom.
18:37 of 2nd period - Goal by Carl Grundstrom - Cape Breton Oilers : 3 - Tappara Tampere : 3.
18:38 of 2nd period - Parker Kelly wins face-off versus Kent Johnson in neutral zone.
19:04 of 2nd period - Icing by Mattias Janmark.
19:05 of 2nd period - Jayson Megna wins face-off versus Carl Grundstrom in Tappara Tampere zone.
19:05 of 2nd period - Jayson Megna is hit by Jonny Brodzinski.
19:31 of 2nd period - Slapshot by Andrew Cogliano.
19:31 of 2nd period - Shot Blocked by Kevin Bahl.
19:33 of 2nd period - Slapshot by Jan Rutta.
19:33 of 2nd period - Deflect By Kevin Bahl.
19:33 of 2nd period - Stopped by Hunter Jones with a rebound.
19:35 of 2nd period - Snap shot by Jan Rutta.
19:35 of 2nd period - Stopped by Hunter Jones with a rebound.
19:37 of 2nd period - Snap shot by Kent Johnson.
19:37 of 2nd period - Stopped by Hunter Jones with a rebound.
19:39 of 2nd period - Snap shot by Kent Johnson.
19:39 of 2nd period - Shot Blocked by Kevin Bahl.
19:41 of 2nd period - Snap shot by Klim Kostin.
19:41 of 2nd period - Deflect By Dominic Toninato.
19:41 of 2nd period - Stopped by Hunter Jones with a rebound.
19:43 of 2nd period - Slapshot by Calvin De Haan.
19:43 of 2nd period - Stopped by Hunter Jones with a rebound.
Goals for this period are 2 for Cape Breton Oilers vs 2 for Tappara Tampere.
Shots for this period are 10 for Cape Breton Oilers vs 18 for Tappara Tampere.
3rd period
0:01 of 3rd period - Brett Seney wins face-off versus Logan Stankoven in neutral zone.
0:04 of 3rd period - Jakob Silfverberg is hit by Kevin Bahl and loses puck.
0:14 of 3rd period - Minor Penalty to Brett Seney for Hooking.
0:15 of 3rd period - Jayson Megna wins face-off versus Parker Kelly in Cape Breton Oilers zone.
0:49 of 3rd period - Off-side.
0:50 of 3rd period - Jayson Megna wins face-off versus Parker Kelly in neutral zone.
2:14 of 3rd period - Penalty to Brett Seney is over, Brett Seney is back on ice.
2:21 of 3rd period - Snap shot by Jayson Megna.
2:21 of 3rd period - Shot Blocked by Philip Broberg.
2:29 of 3rd period - Snap shot by Dominik Kubalik.
2:29 of 3rd period - Shot Misses the Net.
3:08 of 3rd period - Jonny Brodzinski is hit by John Klingberg and loses puck.
3:23 of 3rd period - Wrist shot by John Klingberg.
3:23 of 3rd period - Shot Blocked by Philip Broberg.
3:25 of 3rd period - Slapshot by John Klingberg.
3:25 of 3rd period - Stopped by Hunter Jones with a rebound.
3:27 of 3rd period - Wrist shot by Jakob Silfverberg.
3:27 of 3rd period - Stopped by Hunter Jones with a rebound.
3:29 of 3rd period - Snap shot by Jakob Silfverberg.
3:29 of 3rd period - Shot Misses the Net.
3:37 of 3rd period - Wrist shot by Dominik Kubalik.
3:37 of 3rd period - Shot Misses the Net.
3:39 of 3rd period - Wrist shot by Jayson Megna.
3:39 of 3rd period - Shot Misses the Net.
3:41 of 3rd period - Slapshot by Jayson Megna.
3:41 of 3rd period - Shot Blocked by Vladislav Kolyachonok.
3:43 of 3rd period - Snap shot by Jakob Silfverberg.
3:43 of 3rd period - Stopped by Hunter Jones with a rebound.
3:45 of 3rd period - Snap shot by Dominik Kubalik.
3:45 of 3rd period - Shot Misses the Net.
3:47 of 3rd period - Snap shot by Jakob Silfverberg.
3:47 of 3rd period - Stopped by Hunter Jones with a rebound.
3:49 of 3rd period - Wrist shot by Dominik Kubalik.
3:49 of 3rd period - Shot Misses the Net.
3:51 of 3rd period - Slapshot by Ben Hutton.
3:51 of 3rd period - Stopped by Hunter Jones without a rebound.
3:52 of 3rd period - Kent Johnson wins face-off versus Alex Belzile in Cape Breton Oilers zone.
4:42 of 3rd period - Sam Carrick is hit by Dominic Toninato.
10:37 of 3rd period - Double Minor Penalty to Leon Gawanke for Roughing.
10:38 of 3rd period - Logan Stankoven wins face-off versus Max Jones in Cape Breton Oilers zone.
11:55 of 3rd period - Brett Seney is hit by Logan Stankoven.
12:27 of 3rd period - Vladislav Kolyachonok is hit by Kent Johnson.
12:33 of 3rd period - Slapshot by Sam Carrick.
12:33 of 3rd period - Shot Misses the Net.
14:37 of 3rd period - Penalty to Leon Gawanke is over, Leon Gawanke is back on ice.
14:41 of 3rd period - Kent Johnson is hit by Nolan Allan and loses puck.
14:46 of 3rd period - Wrist shot by Max Jones.
14:46 of 3rd period - Stopped by Joel Hofer with a rebound.
14:48 of 3rd period - Slapshot by William Trudeau.
14:48 of 3rd period - Deflect By Kent Johnson.
14:48 of 3rd period - Stopped by Joel Hofer without a rebound.
14:49 of 3rd period - Sam Carrick wins face-off versus Alex Belzile in Tappara Tampere zone.
14:49 of 3rd period - Tomas Nosek is hit by William Trudeau and loses puck.
15:06 of 3rd period - Klim Kostin is hit by Carl Grundstrom and loses puck.
19:14 of 3rd period - Philip Broberg is hit by Andrew Cogliano and loses puck.
19:21 of 3rd period - Andrew Cogliano is hit by Brett Seney and loses puck.
19:59 of 3rd period - Icing by Zach Parise.
Goals for this period are 0 for Cape Breton Oilers vs 0 for Tappara Tampere.
Shots for this period are 2 for Cape Breton Oilers vs 5 for Tappara Tampere.
Overtime #1
0:01 of 1st overtime period - Parker Kelly wins face-off versus William Eklund in neutral zone.
0:14 of 1st overtime period - Kevin Bahl is hit by Jan Rutta and loses puck.
0:25 of 1st overtime period - Logan Stankoven is hit by Max Jones and loses puck.
0:36 of 1st overtime period - Brett Seney is hit by Calvin De Haan and loses puck.
1:50 of 1st overtime period - Jan Rutta is hit by Vladislav Kolyachonok and loses puck.
2:28 of 1st overtime period - Vladislav Kolyachonok is hit by Jan Rutta.
3:12 of 1st overtime period - Kevin Bahl is hit by John Klingberg and loses puck.
4:32 of 1st overtime period - Will Cuylle is hit by Calvin De Haan and loses puck.
Goals for this period are 0 for Cape Breton Oilers vs 0 for Tappara Tampere.
Shots for this period are 0 for Cape Breton Oilers vs 0 for Tappara Tampere.
ShootOut
5:00 of 1st overtime period - Round #1.
5:00 of 1st overtime period - Cape Breton Oilers, Parker Kelly.
5:00 of 1st overtime period - Wrist shot by Parker Kelly.
5:00 of 1st overtime period - Stopped by Joel Hofer.
5:00 of 1st overtime period - Tappara Tampere, William Eklund.
5:00 of 1st overtime period - Backhand shot by William Eklund.
5:00 of 1st overtime period - Goal by William Eklund.
5:00 of 1st overtime period - Round #2.
5:00 of 1st overtime period - Cape Breton Oilers, Jonny Brodzinski.
5:00 of 1st overtime period - Deke by Jonny Brodzinski.
5:00 of 1st overtime period - Stopped by Joel Hofer.
5:00 of 1st overtime period - Tappara Tampere, Zach Parise.
5:00 of 1st overtime period - Snap shot by Zach Parise.
5:00 of 1st overtime period - Shot Misses the Net.
5:00 of 1st overtime period - Round #3.
5:00 of 1st overtime period - Cape Breton Oilers, Max Jones.
5:00 of 1st overtime period - Wrist shot by Max Jones.
5:00 of 1st overtime period - Shot Misses the Net.
Back to the Top